 Dungeon Crawl Stone Soup version 0.29-a0-1065-g47a6bb87d6 (webtiles) character file.

Game seed: 14617787414715743511

287 hashsling the Trooper (level 6, -3/39 HPs)
             Began as a Gargoyle Fighter on Aug 18, 2022.
             Was an Initiate of Okawaru.
             Slain by an ogre
             ... wielding a +0 giant spiked club
              (11 damage)
             ... on level 5 of the Dungeon.
             The game lasted 00:24:50 (3939 turns).

hashsling the Trooper (Gargoyle Fighter)            Turns: 3939, Time: 00:24:50

Health: -3/39      AC: 14    Str: 22    XL:     6   Next: 30%
Magic:  6/6        EV:  7    Int:  8    God:    Okawaru [......]
Gold:   137        SH:  4    Dex:  9    Spells: 5/5 levels left

rFire   . . .      SeeInvis .   a - +0 flail
rCold   . . .      Faith    .   c - +0 buckler
rNeg    + . .      Spirit   .   r - +0 chain mail
rPois   ∞          Reflect  .   (no helmet)
rElec   +          Harm     .   (no cloak)
rCorr   .          Rampage  .   (no gloves)
Will    .....                   (no boots)
Stlth   ..........              (no amulet)
HPRegen 0.13/turn               f - +4 ring of slaying
MPRegen 0.10/turn               (no ring)

@: no status effects
A: sickness immunity, AC +4, negative energy resistance 1, electricity
resistance, torment resistance 1, petrification resistance
a: Renounce Religion


You were on level 5 of the Dungeon.
You worshipped Okawaru.
Okawaru was noncommittal.
You visited 2 branches of the dungeon, and saw 6 of its levels.

You collected 237 gold pieces.
You spent 100 gold pieces at shops.

Inventory:

Hand Weapons
 a - a +0 flail (weapon)
 x - a +0 dire flail
Missiles
 e - 50 stones
 g - 11 poisoned darts (quivered)
Armour
 c - a +0 buckler (worn)
 r - a +0 chain mail (worn)
Jewellery
 f - a +4 ring of slaying (left hand)
Scrolls
 b - a scroll of fear {unknown}
 k - a scroll of teleportation {unknown}
 l - a scroll of poison {unknown}
 m - 2 scrolls of summoning {unknown}
 p - a scroll of noise {unknown}
 q - 2 scrolls of blinking {unknown}
 s - 2 scrolls of identify {unknown}
 t - a scroll of brand weapon {unknown}
 v - a scroll of enchant weapon {unknown}
 w - 2 scrolls of immolation {unknown}
Potions
 d - 2 potions of might
 h - 2 potions of attraction {unknown}
 i - 2 potions of flight {unknown}
 j - a potion of haste {unknown}
 n - a potion of brilliance {unknown}
 o - 2 potions of curing {unknown}
 u - a potion of degeneration {unknown}


   Skills:
 + Level 4.7 Fighting
 + Level 3.5 Maces & Flails
 + Level 4.7 Armour
 + Level 4.6 Shields


You had 5 spell levels left.
You didn't know any spells.
Your spell library contained the following spells:

 Spells                   Type           Power      Damage    Failure   Level
 Gell's Gravitas          Tloc           0%         N/A       100%        3
 Lesser Beckoning         Tloc           0%         N/A       100%        3
 Teleport Other           Tloc           0%         N/A       100%        3
 Passage of Golubria      Tloc           0%         N/A       100%        4
 Silence                  Hex/Air        0%         N/A       100%        5
 Lehudib's Crystal Spear  Conj/Erth      0%         10d2      100%        8


Dungeon Overview and Level Annotations

Branches:
Dungeon (5/15)             Temple (1/1) D:4

Altars:
Ashenzari
Cheibriados
Dithmenos
Elyvilon
Fedhas
Gozag
Hepliaklqana
Kikubaaqudgha
Makhleb
Okawaru
Qazlal
Ru
Uskayaw
Wu Jian
Xom
Zin
The Shining One

Shops:
D:1 *   D:5 (


Innate Abilities, Weirdness & Mutations

You are immune to sickness and miasma.
Your stone body is resilient. (AC +4)
You are immune to poison.
You resist negative energy. (rN+)
You are resistant to electric shocks. (rElec)
You are resistant to unholy torment.
You are immune to petrification.


Message History

Throw: 12 darts (poison)
Press: ? - help, Q - select action, (/) - cycle Shift-Dir - straight line, f/p - ogre
Aim: an ogre, wielding a +0 giant spiked club (76% to hit)
You throw a poisoned dart. The poisoned dart hits the ogre.
A hound comes into view.
The hound moves out of view.
You sock the ogre!
The ogre is moderately wounded.
The ogre hits you with a +0 giant spiked club!!
Ouch! That really hurt!
You hear a bark!
Okay, then.
You barely miss the ogre.
The ogre is moderately wounded.
The ogre hits you with a +0 giant spiked club!
* * * LOW HITPOINT WARNING * * *
You sock the ogre!
The ogre is severely wounded.
You barely miss the ogre.
The ogre is severely wounded.
The hound barks!
You block the ogre's attack. The hound bites you but does no damage.
The hound attacks as you move away! You block the hound's attack.
The ogre attacks as you move away! You block the ogre's attack.
The hound bites you.
* * * LOW HITPOINT WARNING * * *
You thump the hound!
The hound is severely wounded.
The hound bites you but does no damage. x2
You closely miss the hound.
The hound is severely wounded.
You block the hound's attack. The hound bites you but does no damage.
You barely miss the hound.
The hound is severely wounded.
The hound bites you but does no damage.
You sock the hound!
You kill the hound!
Okawaru accepts your kill.
The ogre hits you with a +0 giant spiked club!
You die...

.# .. . .. .#
...######( ..
........( .
#.......# .. .
#O## #.# .. ###
###@.# #..# ...
###..### #..#
#.### ###..####
###...
#...######.....###
......#
##.......∩........
#...
#..#.#....###.###.
####
#.##.###..###... #
#.##.###..###.....
# #.##..##..#
#.... #


You could see an ogre.

Vanquished Creatures
  A kobold brigand (D:3)
  2 hounds (D:5)
  2 iguanas (D:5)
  A gnoll (D:1)
  5 adders
  3 worms
  4 dart slugs
  5 orcs (D:3)
  4 ball pythons
  An endoplasm (D:4)
  2 giant cockroaches
  4 goblins
  5 hobgoblins
  6 jackals
  5 kobolds
  6 quokkas
  6 bats
  3 rats
65 creatures vanquished.

Vanquished Creatures (others)
  5 plants (D:1)
5 creatures vanquished.

Grand Total: 70 creatures vanquished

Notes
Turn   | Place    | Note
-------+----------+-------------------------------------------
     0 | D:1      | hashsling the Gargoyle Fighter began the quest for the Orb.
     0 | D:1      | Reached XP level 1. HP: 14/14 MP: 1/1
   134 | D:1      | Found Luxun's Assorted Antiques.
   185 | D:1      | Reached XP level 2. HP: 19/19 MP: 2/2
   388 | D:1      | Reached XP level 3. HP: 23/23 MP: 3/3
  1159 | D:2      | Reached XP level 4. HP: 29/29 MP: 4/4
  1159 | D:2      | Found a faded altar of an unknown god.
  1594 | D:3      | Found an ancient bone altar of Kikubaaqudgha.
  1771 | D:3      | Found a hide-covered altar of Uskayaw.
  2180 | D:3      | Noticed a kobold brigand
  2217 | D:3      | Killed a kobold brigand
  2218 | D:3      | Reached XP level 5. HP: 27/34 MP: 5/5
  2298 | D:3      | Found a hazy altar of Hepliaklqana.
  2299 | D:3      | Found a faded altar of an unknown god.
  3006 | D:4      | Found a staircase to the Ecumenical Temple.
  3015 | Temple   | Entered the Ecumenical Temple
  3104 | Temple   | Became a worshipper of Warmaster Okawaru
  3679 | D:5      | Entered Level 5 of the Dungeon
  3686 | D:5      | Reached XP level 6. HP: 38/39 MP: 6/6
  3910 | D:5      | Found Ereah's Antique Weapon Shoppe.
  3924 | D:5      | Bought a dire flail for 100 gold pieces
  3939 | D:5      | Slain by an ogre

Illustrated notes

Levels and vault maps discovered:
D:1:      dpeg_arrival_castle, layout_loops_ring, serial_shops,
          nicolae_shop_temple_entry_statues_fountains, nicolae_grassy_gnolls
D:2:      layout_rooms, shapermc_ecumenical_altar_pompeii
D:3:      layout_basic, mainiacjoe_overflow_paths,
          mainiacjoe_overflow_cross_hatched, beargit_hepliaklqana_dungeon_heroes
D:4:      nicolae_cairo_tiling_large_dashed, layout_layer_cave,
          minmay_temple_entry_glassed_door
D:5:      layout_rooms, serial_shops, nicolae_square_shop
Temple:   nicolae_temple_great_sept

Skill      XL: |  1  2  3  4 |
---------------+-------------+-----
Fighting       | 4 |  4.7
Armour         | 4 |  4.7
Shields        | 4 |  4.6
Maces & Flails | 3 |  3.5

Action                   |  1- 3 |  4- 6 || total
-------------------------+-------+-------++-------
Melee: Flail             |    51 |   127 ||   178
Throw: Dart              |       |    10 ||    10
Armor: Scale mail        |    20 |    25 ||    45
       Chain mail        |       |    54 ||    54
Dodge: Dodged            |    17 |    46 ||    63
Block: Buckler           |    13 |    37 ||    50

Table legend: (Time is in decaauts)
 A = Elapsed time spent in this place.
 B = Non-inter-level travel time spent in this place.
 C = Inter-level travel time spent in this place.
 D = Time resting spent in this place.
 E = Time spent auto-exploring this place.
 F = Levels seen in this place.
 G = Mean time per level.
                   A        B        C        D        E       F      G
               +--------+--------+--------+--------+--------+-----+--------+
         Total |   3994 |   3846 |    148 |    200 |   2565 |   6 |  665.7 |
       Dungeon |   3894 |   3756 |    138 |    200 |   2510 |   5 |  778.8 |
        Temple |     99 |     89 |     10 |      0 |     55 |   1 |   99.0 |
               +--------+--------+--------+--------+--------+-----+--------+

Top non-repeatable levels by time:
     D:4: 1154 daAuts
     D:1: 1004 daAuts
     D:3: 876 daAuts
     D:2: 589 daAuts
     D:5: 268 daAuts
  Temple: 99 daAuts
